 Dungeon Sprint DCSS version 0.28-a0-79-g444c7a33f5 (webtiles) character file.

Game seed: 4431885075900144879

1330 Zeldest the Unseen (level 8, -1/52 HPs)
             Began as a Vampire Brigand on Aug 2, 2021.
             Was a Follower of Dithmenos.
             Slain by a two-headed ogre (19 damage)
             ... in the Dungeon (Sprint IX: "|||||||||||||||||||||||||||||").
             The game lasted 00:01:25 (129 turns).

Zeldest the Unseen (Vampire Brigand)                 Turns: 129, Time: 00:01:26

Health: -1/52      AC:  6    Str: 10    XL:     8   Next: 34%
Magic:  5/12       EV: 16    Int: 17    God:    Dithmenos [*.....]
Gold:   0          SH:  0    Dex: 17    Spells: 7/7 levels left

rFire   . . .      SeeInvis +   a - +2 dagger
rCold   + + .      Faith    .   (no shield)
rNeg    + + +      Spirit   .   b - +0 robe
rPois   ∞          Reflect  .   (no helmet)
rElec   .          Harm     .   c - +0 cloak
rCorr   .          Rampage  .   (no gloves)
Will    .....      NoTele   +   n - +0 pair of boots Stlth *+++++++++
                                (no amulet)
HPRegen 0.00/turn               o - +3 ring of intelligence
MPRegen 0.13/turn               p - +2 ring of protection

@: very slightly contaminated, bloodless, inhibited regen, wreathed by umbra,
invisible
A: bloodless, fangs 3, see invisible, vampiric 2
a: Bat Form, Revivify, Renounce Religion


You were in the Dungeon.
You worshipped Dithmenos.
Dithmenos was aware of your devotion.
You visited 1 branch

Inventory:

Hand Weapons
 a - a +2 dagger (weapon)
 m - a +2 rapier of venom
Missiles
 d - 8 poisoned darts (quivered)
 e - 2 curare-tipped darts
Armour
 b - a +0 robe (worn)
 c - a +0 cloak (worn)
 n - a +0 pair of boots (worn)
Jewellery
 o - a +3 ring of intelligence (left hand)
 p - a +2 ring of protection (right hand)
Wands
 l - a wand of iceblast (10)
Scrolls
 j - 2 scrolls of blinking
 k - 2 scrolls of amnesia
Potions
 f - 5 potions of curing
 g - 3 potions of heal wounds
 i - 4 potions of magic


   Skills:
 + Level 6.8 Fighting
 + Level 8.2 Short Blades
 - Level 1.5 Throwing
 + Level 8.0 Dodging
 + Level 17.6 Stealth
 + Level 6.5 Invocations


You had 7 spell levels left.
You didn't know any spells.
Your spell library was empty.

Dungeon Overview and Level Annotations

Branches:
Dungeon (1/1)

Altars:
Cheibriados
Dithmenos
Elyvilon
Fedhas
Gozag
Hepliaklqana
Kikubaaqudgha
Makhleb
Nemelex Xobeh
Okawaru
Qazlal
Ru
Sif Muna
Trog
Uskayaw
Vehumet
Wu Jian
Xom
Yredelemnul
Zin
The Shining One
Beogh
Jiyva
Lugonu


Innate Abilities, Weirdness & Mutations

You do not regenerate when monsters are visible.
You are frail without blood (-20% HP).
You can heal yourself when you bite living creatures.
You are immune to poison.
You have razor-sharp teeth.
You have supernaturally acute eyesight. (SInv)
You are afflicted with vampirism and can become a bat while bloodless.


Message History

You bite the orc warrior, and draw its blood!
You feel better.
You skewer the orc warrior like a kebab!!!
You kill the orc warrior!
Dithmenos accepts your kill.
You are shrouded in an aura of darkness!
Your Invocations skill increases to level 6!
You have reached level 8!
The gargoyle barely misses you.
Items here: ))) [.
You hit the gargoyle but do no damage. Your bite misses the gargoyle.
The gargoyle hurls a stone arrow at you.
The stone arrow misses you.
You barely miss the gargoyle.
You bite the gargoyle, but do no damage.
The gargoyle barely misses you.
You hit the gargoyle but do no damage.
You catch the helpless gargoyle completely off-guard!
You impale the gargoyle!!
You destroy the gargoyle!
Dithmenos accepts your kill.
Your Short Blades skill increases to level 8!
Your Dodging skill increases to level 8!
The two-headed ogre misses you.
The two-headed ogre hits you with a +0 giant club!!
* * * LOW HITPOINT WARNING * * *
You see here a +0 flail.
You barely miss the two-headed ogre. The two-headed ogre closely misses you.
The two-headed ogre misses you.
You hit the two-headed ogre but do no damage.
You bite the two-headed ogre.
You draw the two-headed ogre's blood!
You feel better.
The two-headed ogre is lightly wounded.
You hit the two-headed ogre but do no damage.
You bite the two-headed ogre.
You draw the two-headed ogre's blood!
You feel better.
The two-headed ogre is lightly wounded.
The two-headed ogre closely misses you.
The two-headed ogre hits you with a +0 giant club!!
You die... ▓▓▓▓▓▓▓▓▓▓▓▓▓▓▓▓▓▓▓▓▓▓ ____'..).[.[..[)@OZ..+ ▓▓▓▓▓▓▓▓▓▓▓▓▓▓▓▓▓▓▓▓▓▓

You could see a two-headed ogre and a bat zombie (wandering).

Vanquished Creatures
  A two-headed ogre (D)
  A gargoyle (D)
  A troll (D)
  A black bear (D)
  An orc warrior (D)
  A gnoll (D)
  A worm (D)
  2 orcs (D)
  An endoplasm (D)
  A giant cockroach (D)
  A hobgoblin (D)
  A ball python (D)
  A frilled lizard (D)
14 creatures vanquished.

Notes
Turn   | Place    | Note
-------+----------+-------------------------------------------
     0 | D        | Zeldest the Vampire Brigand began the quest for the Orb.
     0 | D        | Reached XP level 1. HP: 16/16 MP: 1/1
     0 | D        | Banished a spatial maelstrom
    11 | D        | Reached skill level 6 in Stealth
    18 | D        | Reached skill level 7 in Stealth
    27 | D        | Reached skill level 8 in Stealth
    34 | D        | Noticed a black bear
    36 | D        | Killed a black bear
    37 | D        | Reached skill level 14 in Stealth
    37 | D        | Reached XP level 2. HP: 13/17 MP: 2/2
    37 | D        | Gained mutation: You are afflicted with vampirism and can
                  | become a bat while bloodless. [Vampire growth]
    37 | D        | Reached XP level 3. HP: 17/21 MP: 3/3
    37 | D        | Reached XP level 4. HP: 21/26 MP: 4/4
    58 | D        | Found a snail-covered altar of Cheibriados.
    58 | D        | Found a shadowy altar of Dithmenos.
    58 | D        | Found a blossoming altar of Fedhas.
    58 | D        | Found an opulent altar of Gozag.
    59 | D        | Found a hazy altar of Hepliaklqana.
    60 | D        | Found a viscous altar of Jiyva.
    61 | D        | Found an ancient bone altar of Kikubaaqudgha.
    62 | D        | Found a corrupted altar of Lugonu.
    63 | D        | Became a worshipper of Dithmenos the Shadowed
    64 | D        | Found a burning altar of Makhleb.
    65 | D        | Found a sparkling altar of Nemelex Xobeh.
    66 | D        | Found an iron altar of Okawaru.
    67 | D        | Found a stormy altar of Qazlal.
    68 | D        | Found a sacrificial altar of Ru.
    69 | D        | Found a shimmering blue altar of Sif Muna.
    70 | D        | Found a bloodstained altar of Trog.
    71 | D        | Found a hide-covered altar of Uskayaw.
    72 | D        | Found a radiant altar of Vehumet.
    73 | D        | Found an ornate altar of the Wu Jian Council.
    74 | D        | Found a shimmering altar of Xom.
    75 | D        | Found a basalt altar of Yredelemnul.
   109 | D        | Noticed a troll
   109 | D        | Noticed an orc warrior
   109 | D        | Noticed a two-headed ogre
   109 | D        | Noticed a gargoyle
   109 | D        | Noticed a two-headed ogre
   113 | D        | Killed a troll
   114 | D        | Reached skill level 5 in Short Blades
   114 | D        | Reached skill level 15 in Stealth
   114 | D        | Reached XP level 5. HP: 26/33 MP: 4/7
   114 | D        | Reached XP level 6. HP: 30/38 MP: 4/8
   118 | D        | Killed a two-headed ogre
   119 | D        | Reached skill level 17 in Stealth
   119 | D        | Reached skill level 5 in Invocations
   119 | D        | Reached XP level 7. HP: 24/46 MP: 4/11
   120 | D        | Reached * piety under Dithmenos
   121 | D        | Reached XP level 8. HP: 35/52 MP: 4/12
   125 | D        | Killed a gargoyle
   129 | D        | Slain by a two-headed ogre

Illustrated notes

Levels and vault maps discovered:
D:        linesprint [early_d, line_temple, items_1, d_10, items_2, lair_1,
          lair_end, items_3, orc_1, orc_end, items_4, d_15, swamp_1, shoals_1,
          snake_1, spider_1, d_20, vaults_1, items_5, swamp_end, shoals_end,
          snake_end, spider_end, vaults_end, d_27, items_6, zot_1, zot_end,
          crypt_end, forest_end, elf_end, slime_end, tomb_end, abyss_end,
          pan_hell_end]

Skill      XL: |  1  2  3  4  5  6  7  8 |
---------------+-------------------------+-----
Stealth        | 14 15 17 | 17.6
Fighting       | 4 6 |  6.8
Short Blades   | 5 7 8 |  8.2
Dodging        | 4 7 8 |  8.0
Invocations    | 3 5 6 |  6.5
Throwing       | |  1.5

Action                   |  1- 3 |  4- 6 |  7- 9 || total
-------------------------+-------+-------+-------++-------
Melee: Dagger            |    18 |    22 |     9 ||    49
       Bite              |     2 |     3 |     4 ||     9
 Abil: Exsanguinate      |     1 |       |       ||     1
  Use: Potion            |     1 |     1 |       ||     2
 Stab: Sleeping          |     1 |     2 |       ||     3
       Invisible         |       |     4 |     2 ||     6
Armor: Robe              |     2 |       |       ||     2
Dodge: Dodged            |     8 |     8 |     8 ||    24

Table legend: (Time is in decaauts)
 A = Elapsed time spent in this place.
 B = Non-inter-level travel time spent in this place.
 C = Inter-level travel time spent in this place.
 D = Time resting spent in this place.
 E = Time spent auto-exploring this place.
 F = Levels seen in this place.
 G = Mean time per level.
                   A        B        C        D        E       F      G
               +--------+--------+--------+--------+--------+-----+--------+
         Total |    104 |    104 |      0 |      0 |      0 |   1 |  104.0 |
       Dungeon |    104 |    104 |      0 |      0 |      0 |   1 |  104.0 |
               +--------+--------+--------+--------+--------+-----+--------+

Top non-repeatable levels by time:
       D: 104 daAuts
